Map: 오토메이턴 - 래더

Players

Stats

  • Race: Protoss Protoss
  • League: Grandmaster
  • Spawn Location: 3:00

GuMiho - Winner!

  • Race: Terran Terran
  • League: Grandmaster
  • Spawn Location: 9:00

Event: IEM Season 13 - Katowice Server Qualifiers Asia 2

VOD

Have the link to the VOD?

Description

Time

  • Played on: Jan. 22, 2019, 6:52 a.m.
  • Length: 8:46

All games in this series

Show
View Real Time Build Order
Export as new Build Order

Stats Protoss 

Build Orders: 1 Gate Expand, Oracle Opening, Phoenix Opening 

Get SALT Encoding   

  12  0:01  Probe  
  13  0:13  Probe  
  14  0:18  Pylon  
  14  0:24  Probe  
  15  0:32  Probe  
  15  0:38  Gateway  
  15  0:40  Probe  
  16  0:47  Assimilator  
  17  0:51  Probe  
  18  1:03  Probe  
  19  1:15  Probe  
  20  1:24  Nexus  
  20  1:34  Cybernetics Core  
  20  1:37  Probe  
  21  1:43  Assimilator  
  21  1:49  Probe  
  21  1:53  Pylon  
  22  2:01  Probe  
  22  2:02  Adept  
  23  2:13  Probe  
  26  2:19  Stargate  
  26  2:25  Probe  
  26  2:29  Adept  
  29  2:32  Warp Gate  
  29  2:33  Probe  
  29  2:34  Probe  
  29  2:41  Probe  
  29  2:42  Probe  
  33  2:52  Probe  
  33  2:53  Probe  
  33  2:54  Oracle  
  33  2:56  Adept  
  37  3:05  Probe  
  41  3:06  Probe  
  41  3:11  Pylon  
  42  3:17  Probe  
  42  3:18  Probe  
  44  3:24  Oracle  
  44  3:29  Probe  
  44  3:31  Probe  
  49  3:34  Pylon  
  49  3:42  Gateway  
  49  3:43  Gateway  
  49  3:45  Probe x2  
  51  3:58  Phoenix  
  53  4:09  Probe  
  50  4:10  Probe  
  47  4:23  Phoenix  
  43  4:30  Probe x2  
  37  4:38  Adept  
  34  4:42  Probe x2  
  34  4:50  Probe x2  
  30  4:58  Probe x2  
  32  5:04  Adept x3  
  40  5:08  Probe x2  
  42  5:18  Probe  
  42  5:20  Probe  
  44  5:26  Probe  
  44  5:32  Probe  
  39  5:55  Oracle  
  37  5:57  Probe  
  37  5:58  Probe  
  37  6:03  Forge, Twilight Council  
  39  6:07  Probe  
  39  6:08  Assimilator x2  
  39  6:10  Probe  
  44  6:15  Nexus, Probe  
  44  6:22  Probe  
  44  6:24  Probe  
  44  6:25  Pylon  
  46  6:29  Protoss Ground Armor Level 1  
  47  6:34  Probe  
  47  6:36  Probe  
  47  6:38  Phoenix  
  49  6:46  Probe  
  50  6:49  Probe  
  50  6:50  Charge  
  51  6:58  Probe  
  51  7:01  Probe  
  53  7:10  Probe  
  53  7:13  Probe  
  53  7:14  Gateway  
  55  7:16  Gateway x2  
  55  7:17  Templar Archives  
  55  7:24  Probe  
  55  7:25  Probe  
  55  7:28  Probe  
  58  7:30  Phoenix  
  60  7:38  Sentry, Zealot x2  
  60  7:41  Probe x2  
  60  7:42  Probe  
  69  7:46  Pylon  
  69  7:49  Phoenix, Pylon  
  69  7:53  Probe x2  
  69  7:54  Probe  
  74  8:04  Zealot x2  
  78  8:08  Zealot  
  78  8:09  Zealot  
  78  8:12  Phoenix  
  82  8:13  High Templar x2  
  82  8:16  Probe x2  
  82  8:18  Probe  
  82  8:19  Archon  
  84  8:34  Zealot x4  
Show
View Real Time Build Order
Export as new Build Order

GuMiho Terran - Winner!

Build Orders: Liberator Opening 

Get SALT Encoding   

  12  0:00  SCV  
  13  0:12  SCV  
  14  0:18  Supply Depot  
  14  0:24  SCV  
  15  0:29  Refinery  
  15  0:39  SCV  
  16  0:45  Barracks  
  16  0:51  SCV  
  17  1:04  SCV  
  18  1:16  SCV  
  19  1:32  Reaper, Orbital Command  
  20  1:45  Command Center  
  20  1:56  Factory  
  20  2:00  SCV  
  21  2:06  Barracks Reactor  
  21  2:12  SCV  
  22  2:16  Supply Depot  
  22  2:18  Refinery  
  22  2:24  SCV  
  23  2:37  SCV  
  23  2:43  Starport  
  24  2:46  Hellion  
  24  2:48  Hellion  
  24  2:49  SCV  
  29  2:57  Orbital Command  
  29  3:02  SCV  
  29  3:04  Liberator  
  30  3:09  Hellion  
  30  3:11  Hellion  
  34  3:14  Barracks Tech Lab  
  34  3:24  SCV  
  38  3:27  SCV  
  38  3:32  Supply Depot  
  39  3:38  SCV  
  39  3:39  SCV  
  39  3:41  Cyclone  
  44  3:44  Marine  
  44  3:46  Marine  
  46  3:52  SCV  
  46  3:53  SCV  
  45  4:02  Marine  
  42  4:03  Marine  
  39  4:13  Cyclone  
  39  4:16  SCV x2  
  41  4:20  Marine  
  41  4:21  Marine  
  39  4:32  SCV x2  
  39  4:37  Marine  
  39  4:39  Marine  
  39  4:44  SCV x2  
  36  4:48  Bunker  
  34  4:55  Marine  
  34  4:56  SCV x2  
  34  4:57  Marine  
  34  4:58  Barracks, Widow Mine  
  39  5:03  Barracks  
  38  5:08  SCV x2  
  40  5:18  Supply Depot  
  40  5:20  SCV x2  
  42  5:31  Marine, Stimpack  
  42  5:32  SCV x2  
  45  5:36  Engineering Bay  
  45  5:42  Supply Depot  
  45  5:44  SCV x2  
  43  5:50  Marauder  
  43  5:58  SCV x2  
  43  5:59  Barracks Tech Lab  
  45  6:04  Terran Infantry Weapons Level 1  
  45  6:08  Missile Turret  
  45  6:10  SCV x2  
  47  6:13  Marine, Factory Reactor  
  47  6:14  Marine x2  
  50  6:20  Refinery  
  50  6:22  SCV x2  
  50  6:23  Starport Reactor  
  50  6:24  Marine  
  53  6:30  Supply Depot  
  53  6:31  Marine x2  
  55  6:34  SCV x2  
  57  6:40  Marine  
  57  6:42  Marine  
  57  6:46  SCV x2  
  61  6:48  Refinery  
  61  6:49  Marine x2  
  61  6:50  Supply Depot  
  61  6:51  Widow Mine  
  61  6:52  Widow Mine, Supply Depot  
  67  6:55  Combat Shield  
  67  6:59  SCV x2  
  69  7:09  Marine, Marauder x2  
  69  7:10  Marine  
  69  7:13  Supply Depot  
  69  7:15  Widow Mine  
  77  7:17  Widow Mine  
  77  7:21  SCV x2  
  81  7:25  Medivac  
  81  7:26  Medivac  
  84  7:32  Marauder  
  84  7:33  Marauder  
  84  7:34  Marine  
  84  7:35  Marine  
  90  7:37  SCV  
  90  7:40  SCV  
  92  7:44  Supply Depot  
  92  7:49  Widow Mine x2  
  96  7:54  Marine x2  
  96  7:55  Concussive Shells  
  98  8:03  SCV x2  
  100  8:07  Supply Depot  
  100  8:08  Supply Depot  
  100  8:12  Marauder x2  
  104  8:18  Widow Mine x2  

Tags
 
Add a new tag
Caveats
  • Supply blocks, unpowered buildings, or Contaminate may cause inaccurate times.
  • Supply counts are checked every 10 seconds.